 Dungeon Crawl Stone Soup version 0.28-a0-655-g4eb62b627b (webtiles) character file.

Game seed: 5682416336594418204

297 sleeves the Agent of Entropy (level 6, -5/47 HPs)
             Began as a Demonspawn Fighter on Oct 12, 2021.
             Was a Priest of Lugonu.
             Slain by a centaur (10 damage)
             ... on level 3 of the Dungeon.
             The game lasted 00:04:24 (4794 turns).

sleeves the Agent of Entropy (Demonspawn Fighter)   Turns: 4794, Time: 00:04:24

Health: -5/47      AC: 12    Str: 16    XL:     6   Next: 12%
Magic:  9/9        EV:  9    Int: 12    God:    Lugonu [***...]
Gold:   126        SH:  4    Dex: 12    Spells: 5/5 levels left

rFire   . . .      SeeInvis .   a - +0 long sword
rCold   . . .      Faith    .   c - +0 buckler
rNeg    . . .      Spirit   .   b - +0 scale mail
rPois   .          Reflect  .   (helmet restricted)
rElec   .          Harm     .   (no cloak)
rCorr   .          Rampage  .   (no gloves)
Will    .....                   (no boots)
Stlth   ..........              (no amulet)
HPRegen 0.15/turn               (no ring)
MPRegen 0.11/turn               (no ring)

@: sanguine armoured
A: antennae 1, demonic guardian 2, spiny 1, sanguine armour 1
a: Renounce Religion, Depart the Abyss, Bend Space, Banish


You were on level 3 of the Dungeon.
You worshipped Lugonu.
Lugonu was most pleased with you.
You visited 1 branch of the dungeon, and saw 3 of its levels.

You collected 126 gold pieces.

Inventory:

Hand Weapons
 a - a +0 long sword (weapon)
Armour
 b - a +0 scale mail (worn)
 c - a +0 buckler (worn)
Magical Staves
 n - a staff of conjuration
   (You found it on level 3 of the Dungeon)
Jewellery
 l - a ring of willpower
   (You took it off an orc on level 3 of the Dungeon)
Wands
 k - a wand of mindburst (10)
   (You took it off a kobold on level 3 of the Dungeon)
Scrolls
 f - a scroll of summoning {unknown}
 j - a scroll of magic mapping {unknown}
 m - a scroll of noise {unknown}
Potions
 d - a potion of might
 e - a potion of curing {unknown}
 g - 2 potions of degeneration {unknown}
 h - 2 potions of brilliance {unknown}
 i - a potion of heal wounds {unknown}


   Skills:
 - Level 3.0 Fighting
 + Level 4.4 Long Blades
 - Level 2.6 Armour
 + Level 3.1 Shields
 + Level 4.9 Invocations


You had 5 spell levels left.
You didn't know any spells.
Your spell library contained the following spells:

 Spells                   Type           Power      Damage    Failure   Level
 Corpse Rot               Necr/Air       N/A        N/A       90%         2
 Poisonous Vapours        Pois/Air       0%         N/A       90%         2
 Dazzling Flash           Conj/Hex       0%         N/A       99%         3
 Iskenderun's Mystic Bla  Conj/Tloc      0%         2d3       100%        4
 Starburst                Conj/Fire      0%         6d3       100%        6


Dungeon Overview and Level Annotations

Branches:
Dungeon (3/15)

Altars:
Vehumet
Lugonu

Shops:
D:3 :

Annotations:
D:3 siradein's ghost, amateur DrIE


Innate Abilities, Weirdness & Mutations

You have a pair of small antennae on your head.
A demonic guardian rushes to your aid.
You are partially covered in sharp spines.
When seriously injured, your bleeding wounds create armour. (AC +6)


Message History

There is a stone staircase leading down here.
Things that are here:
a +0 dagger; 2 stones An adder comes into view.
You hit the adder but do no damage. The adder bites you.
You are poisoned.
The adder poisons you!
You slash the adder!
The adder is severely wounded.
You feel sick.
The adder bites you but does no damage. x2
You completely miss the adder.
The adder is severely wounded.
You feel sick. The adder bites you. The adder bites you but does no damage.
You closely miss the adder.
The adder is severely wounded.
You feel sick. The adder barely misses you.
You slash the adder!
You kill the adder!
Lugonu accepts your kill.
You feel sick.
You feel sick.
You are no longer poisoned.
Key pressed, stopping explore.
No target in view!
No target in view!
Things that are here:
a +0 dagger; a +0 club Key pressed, stopping explore.
No target in view!
Key pressed, stopping explore.
No target in view!
No target in view!
No target in view!
A kobold comes into view. It is wielding a +0 short sword.
The kobold moves out of view.
A kobold is nearby!
A kobold is nearby!
The kobold hits you with a +0 short sword.
You closely miss the kobold. The kobold hits you but does no damage.
You barely miss the kobold. The kobold misses you.
You barely miss the kobold.
The kobold hits you with a +0 short sword.
You closely miss the kobold. The kobold barely misses you.
You hit the kobold.
The kobold is heavily wounded.
The kobold hits you but does no damage. The kobold barely misses you.
You closely miss the kobold.
The kobold is heavily wounded.
You block the kobold's attack.
You closely miss the kobold.
The kobold is heavily wounded.
The kobold barely misses you.
You hit the kobold but do no damage.
The kobold is heavily wounded.
The kobold hits you with a +0 short sword.
Your blood congeals into armour.
You are too injured to fight recklessly!
You are too injured to fight recklessly!
You are too injured to fight recklessly!
A kobold is nearby!
A kobold is nearby!
You are too injured to fight recklessly!
A kobold is nearby!
You are too injured to fight recklessly!
You closely miss the kobold.
The kobold is heavily wounded.
The kobold hits you with a +0 short sword.
The kobold hits you but does no damage.
You hit the kobold but do no damage.
The kobold is heavily wounded.
The kobold barely misses you.
You hit the kobold but do no damage.
The kobold is heavily wounded.
The kobold hits you but does no damage.
You closely miss the kobold.
The kobold is heavily wounded.
The kobold barely misses you.
You barely miss the kobold.
The kobold is heavily wounded.
The kobold hits you but does no damage. The kobold barely misses you.
You closely miss the kobold.
The kobold is heavily wounded.
The kobold hits you but does no damage.
You barely miss the kobold.
The kobold is heavily wounded.
The kobold hits you but does no damage.
You closely miss the kobold.
The kobold is heavily wounded.
The kobold hits you but does no damage.
You hit the kobold but do no damage.
The kobold is moderately wounded.
You block the kobold's attack.
The kobold hits you with a +0 short sword.
You slash the kobold!
You kill the kobold!
Lugonu accepts your kill.
You see here a +0 short sword.
Your blood armour dries and flakes away.
Key pressed, stopping explore.
A quokka comes into view.
A quokka is nearby!
A quokka is nearby!
A quokka is nearby!
Found a ring mail.
Found a stone staircase leading down.
You barely miss the quokka.
The quokka bites you but does no damage.
You hit the quokka.
The quokka is heavily wounded.
The quokka bites you but does no damage.
The quokka bites you.
You slash the quokka!
You kill the quokka!
Lugonu accepts your kill.
No target in view!
No target in view!
No target in view!
No target in view!
No target in view!
No target in view!
A ball python comes into view.
A ball python is nearby!
A ball python is nearby!
An endoplasm comes into view.
You slash the ball python!
You kill the ball python!
Lugonu accepts your kill.
The endoplasm jiggles.
Found 2 black potions.
A quokka comes into view.
You hit the endoplasm.
The endoplasm is moderately wounded.
The endoplasm freezes you.
You are frozen.
The endoplasm freezes you.
You are frozen.
You slash the endoplasm!
You kill the endoplasm!
Lugonu accepts your kill.
You closely miss the quokka. You block the quokka's attack.
The quokka closely misses you.
You hit the quokka.
You kill the quokka!
Lugonu accepts your kill.
No target in view!
A rat comes into view.
A rat is nearby!
A rat is nearby!
The rat twitches its whiskers.
The rat barely misses you.
You slash the rat!
You kill the rat!
Lugonu accepts your kill.
No target in view!
No target in view!
No target in view!
No target in view!
No target in view!
No target in view!
No target in view!
No target in view!
No target in view!
h - 2 black potions You see here a rat corpse.
i - a fizzy sapphire potion Terence the Incautious comes into view.
He is wielding a +0 flail and wearing a +2 chain mail of fire resistance.
Terence shouts!
An endoplasm comes into view.
The endoplasm quivers.
Terence says, "Did you write a will?
You should..."
You block Terence's attack.
You hit Terence but do no damage. Terence closely misses you.
You closely miss Terence. You block Terence's attack.
You barely miss Terence. Terence closely misses you.
Terence hits you with a +0 flail.
You completely miss Terence. Terence says, "Did you write a will?
You should..."
Terence completely misses you.
You hit Terence but do no damage. Terence hits you with a +0 flail.
The endoplasm closely misses you. The endoplasm hits you.
There is a stone staircase leading down here.
The endoplasm closely misses you.
You hit Terence but do no damage.
Terence says, "Don't bother to defend, it's useless."
Terence hits you but does no damage.
You hit Terence but do no damage. Terence hits you with a +0 flail.
Terence misses you.
You barely miss Terence. Terence closely misses you.
You hit Terence but do no damage. Terence completely misses you.
You barely miss Terence. Terence hits you with a +0 flail.
You barely miss Terence. Terence looks scornfully at you.
Terence barely misses you. Terence hits you with a +0 flail.
You closely miss Terence. Terence closely misses you.
You hit Terence.
Terence is moderately wounded.
Terence hits you with a +0 flail!
* * * LOW HITPOINT WARNING * * *
Your blood congeals into armour.
You slash Terence!
Terence is severely wounded.
Terence closely misses you.
You hit Terence.
Terence is almost dead.
Terence hits you but does no damage. Terence misses you.
You slash Terence!
You kill Terence!
Lugonu accepts your kill.
You completely miss the endoplasm. The endoplasm freezes you.
You are frozen.
* * * LOW HITPOINT WARNING * * *
The endoplasm barely misses you.
You completely miss the endoplasm. You block the endoplasm's attack.
You hit the endoplasm.
The endoplasm is moderately wounded.
The endoplasm closely misses you.
You hit the endoplasm.
You kill the endoplasm!
Lugonu accepts your kill.
Things that are here:
a +0 flail; a +2 chain mail of fire resistance Your blood armour dries and flakes away.
Key pressed, stopping explore.
There is a stone staircase leading down here.
Found 26 stones.
Found an escape hatch in the floor.
You pick up a book of Spectacle and begin reading...
You add the spells Dazzling Flash, Iskenderun's Mystic Blast and Starburst to your library.
An endoplasm comes into view.
The endoplasm quivers.
Okay, then.
An endoplasm is nearby!
You slash the endoplasm!
You kill the endoplasm!
Lugonu accepts your kill.
No target in view!
No target in view!
You don't know any spells.
Found a mace.
You see here a +0 mace.
You open the door.
There is an open door here.
You open the door.
There is an open door here.
There is an escape hatch in the floor here.
An adder and a goblin come into view.
The adder hisses angrily.
The adder moves out of view.
A goblin is nearby!
A goblin is nearby!
A giant cockroach comes into view.
A ball python comes into view.
The ball python hisses angrily.
You hear an angry hiss.
Natasha, Servant of Life and Death comes into view.
The goblin barely misses you.
You hit the goblin.
You kill the goblin!
Lugonu accepts your kill.
The giant cockroach completely misses you.
You hit the giant cockroach.
You kill the giant cockroach!
Lugonu accepts your kill.
Natasha casts a spell.
You slash the ball python!
You kill the ball python!
Lugonu accepts your kill. Natasha casts a spell at you.
The magic dart hits you!
You barely miss the adder. The adder bites you but does no damage.
Natasha drinks a potion.
Natasha seems to grow stronger.
You hit the adder.
The adder is moderately wounded.
You block the adder's attack.
Natasha mewls in sadness.
The adder bites you.
Your blood congeals into armour.
You are poisoned.
The adder poisons you!
You are too injured to fight recklessly!
You are too injured to fight recklessly!
You are too injured to fight recklessly!
You are too injured to fight recklessly!
You are too injured to fight recklessly!
You are too injured to fight recklessly!
You are too injured to fight recklessly!
You are too injured to fight recklessly!
You are too injured to fight recklessly!
You are too injured to fight recklessly!
You are too injured to fight recklessly!
You are too injured to fight recklessly!
You are too injured to fight recklessly!
You are too injured to fight recklessly!
You are too injured to fight recklessly!
You are too injured to fight recklessly!
You are too injured to fight recklessly!
You are too injured to fight recklessly!
You are too injured to fight recklessly!
You feel sick.
You feel sick. Natasha casts a spell at you. The magic dart hits you!
* * * LOW HITPOINT WARNING * * *
You feel sick. The adder bites you but does no damage.
You feel sick.
You hit the adder.
The adder is heavily wounded.
You feel sick.
You are no longer poisoned.
The adder bites you but does no damage.
The shadow imp sputters.
The adder bites you but does no damage.
You barely miss the adder.
The adder is heavily wounded.
The adder closely misses you.
You hit the adder.
You kill the adder!
Lugonu accepts your kill.
Natasha stares at you and mumbles some strange words.
The magic dart hits you.
* * * LOW HITPOINT WARNING * * *
You have reached level 5!
Your demonic ancestry asserts itself...
Your guardian grows in power.
You closely miss the shadow imp.
The shadow imp hits you but does no damage.
Natasha casts a spell.
The shadow imp closely misses you.
You hit the shadow imp.
The shadow imp is moderately wounded.
The shadow imp closely misses you.
You slash the shadow imp!
The shadow imp is almost dead.
The shadow imp hits you.
* * * LOW HITPOINT WARNING * * *
A demonic guardian appears!
You closely miss the shadow imp.
The shadow imp is almost dead.
You swap places.
Your rust devil hits the crimson imp!
Your rust devil corrodes the crimson imp!
The crimson imp barely misses your rust devil.
Your rust devil hits the crimson imp!
The crimson imp dies!
The crimson imp disappears in a puff of smoke!
Your rust devil misses the shadow imp.
What are your orders? t - Shout!
Orders for allies: a - Attack new target. r - Retreat! s - Stop attacking. g - Guard the area. f - Follow me.
Anything else - Cancel.
Gang up on whom?
Press: ? - help, Dir - move target, f - Natasha
Aim: Natasha (strong) Attack!
The shadow imp hits your rust devil.
Your rust devil barely misses the shadow imp.
The shadow imp closely misses your rust devil.
Your rust devil hits the shadow imp!
The shadow imp dies!
The shadow imp disappears in a puff of smoke!
Natasha extends her claws.
Your rust devil barely misses Natasha.
Natasha claws your rust devil but does no damage.
Your rust devil barely misses Natasha.
Natasha claws your rust devil but does no damage.
Your rust devil hits Natasha.
Your rust devil corrodes Natasha!
Natasha claws your rust devil!
Your rust devil hits Natasha!
Natasha dies!
Lugonu accepts your kill.
Natasha screams in pain as she dies!
Your Long Blades skill increases to level 4!
Your Invocations skill increases to level 4!
Unknown command.
You swap places.
Your rust devil disappears in a puff of smoke!
Key pressed, stopping explore.
Key pressed, stopping explore.
Your blood armour dries and flakes away.
Key pressed, stopping explore.
Things that are here:
the felid skeleton of Natasha; an adder skeleton
Found a dagger.
j - a scroll labelled YTHRIP GUHI
Things that are here:
a +0 club; a +0 plate armour A hobgoblin comes into view.
The hobgoblin shouts!
A hobgoblin is nearby!
A hobgoblin is nearby!
A hobgoblin is nearby!
A goblin comes into view. It is wielding a +0 club.
The goblin shouts!
The hobgoblin barely misses you.
You closely miss the hobgoblin. You block the hobgoblin's attack.
You hit the hobgoblin.
The hobgoblin is lightly wounded.
The hobgoblin hits you but does no damage.
You hit the hobgoblin.
You kill the hobgoblin!
Lugonu accepts your kill. The goblin hits you with a +0 club.
You closely miss the goblin. The goblin barely misses you.
You hit the goblin.
You kill the goblin!
Lugonu accepts your kill.
No target in view!
No target in view!
No target in view!
No target in view!
No target in view!
No target in view!
No target in view!
No target in view!
No target in view!
No target in view!
No target in view!
No target in view!
You see here a +0 club.
Key pressed, stopping explore.
You see here a hobgoblin corpse.
You see here a +0 dagger.
Things that are here:
a +0 club; a +0 plate armour
Things that are here:
the felid skeleton of Natasha; an adder skeleton Natasha, Servant of Life and Death comes into view.
Natasha is nearby!
Natasha is nearby!
Natasha mumbles some strange words.
You closely miss Natasha.
Natasha stares at you and mumbles some strange words.
The magic dart hits you.
There are monsters nearby!
Unknown command.
You closely miss Natasha. Natasha claws you but does no damage.
You slash Natasha!
Natasha is severely wounded.
Natasha barely misses you. The white imp gestures at you.
The puff of frost hits you but does no damage.
Natasha howls an incantation.
Natasha's front paws start to glow.
Natasha claws you.
You barely miss Natasha.
Natasha is severely wounded.
The white imp hits you but does no damage.
Natasha casts a spell at you. You resist with some effort.
The white imp hits you but does no damage.
You slash Natasha!
You kill Natasha!
Lugonu accepts your kill.
You feel Natasha's spirit has finally been put to rest.
The white imp disappears in a puff of smoke!
No target in view!
No target in view!
No target in view!
Things that are here:
a +0 dagger; a +0 club You see here a +0 dagger.
Done exploring.
Done exploring.
Done exploring.
Done exploring.
Done exploring.
No target in view!
(D) Dungeon
Where to? (Enter - D:2, ? - help)
Things that are here:
a +0 dagger; a +0 club
There is a stone staircase leading down here.
You climb downwards.
You hear the sound of rushing water.
There is an entrance to a sewer on this level.
Hurry and find it before the portal rusts away!
There is a stone staircase leading up here.
Found Keki's Book Shoppe.
There is an entrance to Keki's Book Shoppe here.
A bat comes into view.
A bat is nearby!
A bat is nearby!
A bat is nearby!
The bat hits you but does no damage.
You miss the bat. The bat hits you but does no damage.
The bat hits you but does no damage.
You miss the bat. The bat closely misses you.
The bat hits you but does no damage.
You hit the bat.
The bat is moderately wounded.
The bat barely misses you. The bat hits you but does no damage.
The bat hits you but does no damage.
You hit the bat.
You kill the bat!
Lugonu accepts your kill.
No target in view!
No target in view!
No target in view!
You now have 75 gold pieces (gained 10).
You now have 77 gold pieces (gained 2).
You sense a monster nearby.
A frilled lizard comes into view.
The frilled lizard hisses angrily.
You barely miss the frilled lizard. The frilled lizard bites you.
You miss the frilled lizard.
You hear the slow rusting of a very distant drain.
The frilled lizard misses you.
You barely miss the frilled lizard. You block the frilled lizard's attack.
You closely miss the frilled lizard.
The frilled lizard bites you but does no damage.
You closely miss the frilled lizard. The frilled lizard bites you.
The frilled lizard bites you but does no damage.
A frilled lizard is nearby!
You miss the frilled lizard. The frilled lizard barely misses you.
You slash the frilled lizard!
You kill the frilled lizard!
Lugonu accepts your kill.
No target in view!
No target in view!
HP restored.
You hear the slow rusting of a very distant drain.
Found a stone staircase leading down.
Found a short sword.
You hear the rusting of a drain nearby.
A ball python comes into view.
The ball python hisses angrily.
You block the ball python's attack. x2
You slash the ball python!
You kill the ball python!
Lugonu accepts your kill.
No target in view!
No target in view!
You see here a ball python corpse.
You open the door.
There is an open door here.
Found a stone staircase leading down.
Key pressed, stopping explore.
No target in view!
You see here a +0 short sword.
You hear the rusting of a very distant drain.
You now have 83 gold pieces (gained 6).
Found a stone staircase leading up.
There is an entrance to Keki's Book Shoppe here.
You hear the brisk rusting of a distant drain.
There is an entrance to Keki's Book Shoppe here.
You hear the brisk rusting of a very distant drain.
A goblin comes into view. It is wielding a +0 club.
The goblin shouts!
A goblin is nearby!
You block the goblin's attack.
You barely miss the goblin. The goblin closely misses you.
You hit the goblin.
You kill the goblin!
Lugonu accepts your kill.
No target in view!
Things that are here:
a +0 club; a goblin corpse No target in view!
A kobold comes into view.
It is wielding a +0 whip and carrying a wand of mindburst (14).
A kobold is nearby!
The kobold shouts!
A kobold is nearby!
The kobold zaps a wand.
You barely resist. The kobold hits you with a +0 whip.
You hit the kobold.
You kill the kobold!
Lugonu accepts your kill.
No target in view!
No target in view!
k - a wand of mindburst (13)
You now have 109 gold pieces (gained 26).
You see here a +0 whip.
A scorpion comes into view.
A scorpion is nearby!
A scorpion is nearby!
Found a stone staircase leading down.
Aiming: Mindburst
Press: ? - help, Shift-Dir - straight line, f - scorpion
Aim: a scorpion (chance to affect: 65%)
The scorpion's mind is blasted!
Aiming: Mindburst
Press: ? - help, Shift-Dir - straight line, f/p - scorpion
Aim: a scorpion (heavily wounded, chance to affect: 65%)
The scorpion struggles to resist.
You block the scorpion's attack.
The scorpion stings you but does no damage.
Aiming: Mindburst
Press: ? - help, Shift-Dir - straight line, f/p - scorpion
Aim: a scorpion (heavily wounded, chance to affect: 65%)
The scorpion's mind is blasted!
You blow up the scorpion!
Lugonu accepts your kill.
You can now banish your foes.
You hear the brisk rusting of a drain very nearby.
Your Shields skill increases to level 3!
Unknown command.
A rat comes into view.
You hear the quick rusting of a drain very nearby.
A rat is nearby!
A rat is nearby!
A rat is nearby!
You slash the rat!
You kill the rat!
Lugonu accepts your kill.
No target in view!
You see here a rat corpse.
A quokka comes into view.
A quokka is nearby!
A quokka is nearby!
You enter the shallow water.
Moving in this stuff is going to be slow.
Your unstable footing causes you to fumble your attack.
The quokka bites you.
A demonic guardian appears!
You hit the quokka.
The quokka is almost dead.
The quokka bites you but does no damage.
You miss the quokka.
The quokka is almost dead.
The quokka completely misses you. The quokka bites you.
You barely miss the quokka.
The quokka is almost dead.
The quokka bites you but does no damage.
Your unstable footing causes you to fumble your attack.
The quokka splashes around in the water. x2
You hit the quokka but do no damage.
The quokka is almost dead.
The quokka splashes around in the water.
Your unstable footing causes you to fumble your attack.
The quokka closely misses you. x2
A quokka is nearby!
A quokka is nearby!
You closely miss the quokka.
The quokka is almost dead.
The quokka bites you but does no damage.
Your unstable footing causes you to fumble your attack.
The quokka bites you but does no damage.
You closely miss the quokka.
The quokka is almost dead.
You block the quokka's attack.
The quokka splashes around in the water.
You closely miss the quokka.
The quokka is almost dead.
The quokka closely misses you.
You completely miss the quokka.
The quokka is almost dead.
The quokka barely misses you.
The quokka splashes around in the water.
A quokka is nearby!
You closely miss the quokka.
The quokka is almost dead.
You block the quokka's attack.
A quokka is nearby!
You slash the quokka!
You kill the quokka!
Lugonu accepts your kill.
Your rust devil disappears in a puff of smoke!
You see here a quokka corpse.
You hear the quick rusting of a drain very nearby.
An orc comes into view. It is wielding a +0 short sword.
The orc shouts!
An orc is nearby!
An orc is nearby!
An orc is nearby!
You hit the orc but do no damage. The orc hits you with a +0 short sword.
An orc is nearby!
You hit the orc.
The orc is lightly wounded.
The orc barely misses you. The orc closely misses you.
You slash the orc!
You kill the orc!
Lugonu accepts your kill.
l - a ring of willpower
Things that are here:
a +0 short sword; a +0 chain mail No target in view!
You sense a monster nearby.
No target in view!
A ball python comes into view.
The ball python hisses angrily.
You hit the ball python.
You kill the ball python!
Lugonu accepts your kill.
You see here a ball python corpse.
You hear the rapid rusting of a distant drain.
Found a long jewelled staff.
No target in view!
No target in view!
Found a radiant altar of Vehumet.
You now have 126 gold pieces (gained 17).
You see here a staff of fire.
A bat comes into view.
A bat is nearby!
A bat is nearby!
A hobgoblin comes into view.
The hobgoblin shouts!
The bat hits you but does no damage.
You barely miss the bat. You block the bat's attack.
The bat hits you but does no damage. You block the bat's attack.
You barely miss the bat. The bat hits you but does no damage. The bat hits you.
The bat hits you but does no damage.
You slash the bat!
You kill the bat!
Lugonu accepts your kill.
You hit the hobgoblin but do no damage. The hobgoblin barely misses you.
The hobgoblin hits you but does no damage.
You closely miss the hobgoblin. The hobgoblin hits you.
You barely miss the hobgoblin. The hobgoblin hits you.
You closely miss the hobgoblin. The hobgoblin barely misses you.
You hit the hobgoblin.
The hobgoblin is moderately wounded.
You block the hobgoblin's attack.
You hit the hobgoblin.
The hobgoblin is heavily wounded.
The hobgoblin barely misses you. You block the hobgoblin's attack.
You completely miss the hobgoblin.
The hobgoblin is heavily wounded.
You block the hobgoblin's attack.
You slash the hobgoblin!
You kill the hobgoblin!
Lugonu accepts your kill.
You have reached level 6!
Your experience leads to an increase in your attributes!
Increase (S)trength, (I)ntelligence, or (D)exterity?
You feel clever.
Your demonic ancestry asserts itself...
Sharp spines emerge from parts of your body.
You hear the rapid rusting of a drain nearby.
Found a whip.
An endoplasm comes into view.
An endoplasm is nearby!
An endoplasm is nearby!
An endoplasm is nearby!
An endoplasm is nearby!
The endoplasm quivers.
A hobgoblin and a dart slug come into view.
The hobgoblin shouts!
You block the endoplasm's attack.
The dart slug moves out of view.
You hit the endoplasm.
The endoplasm is severely wounded.
The endoplasm hits you but does no damage.
The endoplasm freezes you.
You are frozen.
You slash the endoplasm!
You kill the endoplasm!
Lugonu accepts your kill.
You hear the rapid rusting of a very distant drain.
You hit the hobgoblin.
The hobgoblin is heavily wounded.
The hobgoblin hits you but does no damage.
You slash the hobgoblin!
You kill the hobgoblin!
Lugonu accepts your kill.
You slash the dart slug!
You kill the dart slug!
Lugonu accepts your kill.
No target in view!
No target in view!
No target in view!
No target in view!
No target in view!
No target in view!
No target in view!
No target in view!
No target in view!
No target in view!
No target in view!
No target in view!
No target in view!
You hear the drain falling apart.
The walls and floor vibrate strangely for a moment.
You see here a hobgoblin corpse.
Found a stone staircase leading up.
There is a stone staircase leading up here.
m - a scroll labelled DEOHIGE EHAGUIHUSI A dart slug comes into view.
A dart slug is nearby!
You hit the dart slug.
The dart slug is heavily wounded.
The dart slug launches a dart at you. The slug dart hits you.
You hit the dart slug but do no damage.
The dart slug is heavily wounded.
The dart slug bites you but does no damage.
You slash the dart slug!
You kill the dart slug!
Lugonu accepts your kill.
No target in view!
No target in view!
No target in view!
No target in view!
No target in view!
You sense a monster nearby.
You sense a monster nearby.
Things that are here:
a +0 short sword; a +0 chain mail You sense a monster nearby.
An adder comes into view.
The adder hisses angrily.
You block the adder's attack.
You closely miss the adder. The adder bites you.
You closely miss the adder. The adder is struck by your spines.
The adder bites you. The adder is struck by your spines.
The adder barely misses you.
You miss the adder.
The adder is moderately wounded.
The adder is struck by your spines. The adder bites you.
You slash the adder!
You kill the adder!
Lugonu accepts your kill.
No target in view!
No target in view!
No target in view!
No target in view!
No target in view!
No target in view!
No target in view!
You enter the shallow water.
Moving in this stuff is going to be slow.
You see here a quokka skeleton.
You sense a monster nearby.
An adder and a quokka come into view.
The adder hisses angrily.
There are monsters nearby!
There are monsters nearby!
The adder is struck by your spines. The adder bites you but does no damage.
You barely miss the adder.
The adder is lightly wounded.
You block the adder's attack. The adder bites you.
You are poisoned.
The adder poisons you!
You slash the adder!
You kill the adder!
Lugonu accepts your kill.
You feel sick.
Your unstable footing causes you to fumble your attack.
You feel sick. The quokka closely misses you.
You closely miss the quokka.
You feel sick.
The quokka splashes around in the water. x2
Your unstable footing causes you to fumble your attack.
You feel sick.
You are no longer poisoned.
The quokka is struck by your spines.
You kill the quokka!
Lugonu accepts your kill.
No target in view!
No target in view!
No target in view!
No target in view!
No target in view!
No target in view!
No target in view!
No target in view!
No target in view!
No target in view!
No target in view!
No target in view!
No target in view!
No target in view!
No target in view!
No target in view!
No target in view!
No target in view!
No target in view!
No target in view!
No target in view!
No target in view!
No target in view!
You see here an adder corpse.
A rat comes into view.
A rat is nearby!
A rat is nearby!
The rat bites you but does no damage. The rat barely misses you.
Your unstable footing causes you to fumble your attack.
The rat splashes around in the water.
Your unstable footing causes you to fumble your attack.
The rat splashes around in the water.
You hit the rat.
The rat is severely wounded.
The rat splashes around in the water.
Your unstable footing causes you to fumble your attack.
You block the rat's attack.
Your unstable footing causes you to fumble your attack.
The rat barely misses you. x2
You slash the rat!
You kill the rat!
Lugonu accepts your kill.
No target in view!
No target in view!
No target in view!
No target in view!
No target in view!
No target in view!
No target in view!
You see here a rat corpse.
A quokka comes into view.
A quokka is nearby!
A quokka is nearby!
A rat comes into view.
You barely miss the quokka.
The rat splashes around in the water.
The quokka is struck by your spines.
The quokka bites you but does no damage.
You hit the quokka but do no damage.
The quokka is heavily wounded.
The rat closely misses you. The quokka barely misses you.
The rat bites you but does no damage.
You hit the quokka.
You kill the quokka!
Lugonu accepts your kill. The rat closely misses you.
You barely miss the rat. The rat barely misses you.
You slash the rat!
You kill the rat!
Lugonu accepts your kill.
No target in view!
No target in view!
No target in view!
No target in view!
No target in view!
No target in view!
No target in view!
No target in view!
No target in view!
You see here a rat corpse.
You see here an adder corpse.
Found a scroll of immolation.
Found a runed translucent door.
Siradein's ghost turns its malevolent gaze towards you.
Siradein's ghost says, "I was like you once."
Things that are here:
a +0 short sword; a +0 chain mail Key pressed, stopping explore.
Things that are here:
a +0 short sword; a +0 chain mail Could not explore, unopened runed door.
No reachable target in view!
Could not explore, unopened runed door.
Could not explore, unopened runed door.
Could not explore, unopened runed door.
Could not explore, unopened runed door.
As you open the door, it creaks loudly!
You hear a shout!
You completely miss siradein's ghost. Siradein's ghost freezes you.
You are frozen!
You barely miss siradein's ghost. Siradein's ghost barely misses you.
Siradein's ghost hits you but does no damage.
You miss siradein's ghost. Siradein's ghost freezes you.
You are frozen!
You miss siradein's ghost. Siradein's ghost freezes you.
You are frozen!
* * * LOW HITPOINT WARNING * * *
Your blood congeals into armour.
The centaur unwields the +5 scimitar "Lircha" {flame, Str+4}.
It stops flaming.
The centaur wields a +0 shortbow.
The centaur shoots an arrow.
The arrow hits you!
* * * LOW HITPOINT WARNING * * *
Really walk into that teleport trap?
You enter a teleport trap!
The teleport trap disappears.
Your surroundings suddenly seem different.
There is a stone staircase leading up here.
There is a stone staircase leading up here.
You start resting.
Your blood armour dries and flakes away.
You start resting.
HP restored.
There is an open translucent door here.
n - a staff of conjuration You see here a scroll of immolation.
Done exploring.
Done exploring.
Done exploring.
(D) Dungeon
Where to? (Enter - D:3, ? - help)
There is an open translucent door here.
The centaur shouts!
The centaur shoots an arrow.
The arrow hits you!
The centaur shoots an arrow.
The arrow hits you.
The centaur shoots an arrow.
The arrow hits you.
Your blood congeals into armour.
You are too injured to fight recklessly!
You are too injured to fight recklessly!
The centaur shoots an arrow.
The arrow completely misses you.
The centaur shoots an arrow.
The arrow hits you.
A demonic guardian appears!
The centaur shoots an arrow.
The arrow closely misses you.
The centaur shoots an arrow.
The arrow hits you.
* * * LOW HITPOINT WARNING * * *
The centaur shoots an arrow.
The arrow hits you but does no damage.
The centaur shoots an arrow.
The arrow hits you.
* * * LOW HITPOINT WARNING * * *
The centaur unwields a +0 shortbow.
The centaur wields the +5 scimitar "Lircha" {flame, Str+4}.
It bursts into flame!
The centaur hits you with the +5 scimitar "Lircha" {flame, Str+4}.
* * * LOW HITPOINT WARNING * * *
The centaur burns you.
* * * LOW HITPOINT WARNING * * *
The centaur kicks you but does no damage.
You hit the centaur.
The centaur is lightly wounded.
The centaur is struck by your spines. The centaur barely misses you.
The centaur closely misses you. The centaur is struck by your spines.
The centaur hits you with the +5 scimitar "Lircha" {flame, Str+4}!
You die...

#...#§§§#§§§§§...# #...#
#...########§§...# #...# #.###
#§....# #...# #.# #.....# #...#
##.##########.....######...######
.................................
........#.###...4.############...
..).....#.# #.....##### #.##
........#.###...@.....##### #)#
............)...c.........# #.#
........#.............###.# #.#
........#.........##### #.## #.#
........#....###### ##†.###.#
.............# #....##.#
#..####.##...# #....##.#
####≈≈####...# #....##.# ≈≈≈≈≈≈≈#
##### ###'###.#


You could see a centaur (ally target) and a friendly rust devil (summoned).

Vanquished Creatures
  A scorpion (D:3)
  Terence (D:2)
  Natasha (twice) (D:2)
  6 adders
  2 dart slugs (D:3)
  An orc (D:3)
  6 ball pythons
  7 bats
  6 endoplasms
  4 giant cockroaches
  7 hobgoblins
  3 jackals (D:1)
  5 quokkas
  2 frilled lizards
  8 goblins
  7 kobolds
  10 rats
78 creatures vanquished.

Vanquished Creatures (collateral kills)
  Natasha (D:2)
1 creature vanquished.

Grand Total: 79 creatures vanquished

Notes
Turn   | Place    | Note
-------+----------+-------------------------------------------
     0 | D:1      | sleeves the Demonspawn Fighter began the quest for the Orb.
     0 | D:1      | Reached XP level 1. HP: 18/18 MP: 1/1
    44 | D:1      | Reached skill level 2 in Long Blades
   177 | D:1      | Found a faded altar of an unknown god.
   203 | D:1      | Gained mutation: You have a pair of small antennae on your
                  | head. [demonic ancestry]
   203 | D:1      | Reached XP level 2. HP: 17/24 MP: 2/2
   232 | D:1      | Prayed at the altar of an unknown god.
   232 | D:1      | Became a worshipper of Lugonu the Unformed
   232 | D:1      | Reached * piety under Lugonu
   232 | D:1      | Reached ** piety under Lugonu
   612 | D:1      | Reached skill level 1 in Invocations
   909 | D:2      | HP: 9/24 [goblin/stone (5)]
   914 | D:2      | HP: 6/24 [kobold (3)]
   922 | D:2      | HP: 5/24 [goblin (1)]
  1208 | D:2      | Gained mutation: When seriously injured, your bleeding
                  | wounds create armour. (AC +6) [demonic ancestry]
  1208 | D:2      | Reached XP level 3. HP: 27/29 MP: 4/4
  1229 | D:2      | Noticed Natasha
  1236 | D:2      | Reached skill level 3 in Long Blades
  1243 | D:2      | HP: 13/29 [Natasha (2)]
  1245 | D:2      | Killed Natasha
  1246 | D:2      | Reached skill level 2 in Invocations
  1474 | D:2      | Gained mutation: A weak demonic guardian rushes to your
                  | aid. [demonic ancestry]
  1474 | D:2      | Reached XP level 4. HP: 27/35 MP: 4/6
  1869 | D:2      | Reached skill level 3 in Invocations
  2475 | D:2      | Noticed Terence
  2494 | D:2      | HP: 15/35 [Terence (9)]
  2497 | D:2      | Killed Terence
  2807 | D:2      | Noticed Natasha
  2814 | D:2      | HP: 13/35 [Natasha/magic dart (9)]
  2819 | D:2      | HP: 7/35 [Natasha/magic dart (3)]
  2820 | D:2      | Gained mutation: A demonic guardian rushes to your aid.
                  | [demonic ancestry]
  2820 | D:2      | Reached XP level 5. HP: 9/41 MP: 7/7
  2832 | D:2      | Killed Natasha
  2833 | D:2      | Reached skill level 4 in Long Blades
  2833 | D:2      | Reached skill level 4 in Invocations
  3250 | D:2      | Noticed Natasha
  3257 | D:2      | Killed Natasha
  3420 | D:3      | Found Keki's Book Shoppe.
  3760 | D:3      | Reached *** piety under Lugonu
  3761 | D:3      | Reached skill level 3 in Shields
  3911 | D:3      | Found a radiant altar of Vehumet.
  3935 | D:3      | Gained mutation: You are partially covered in sharp spines.
                  | [demonic ancestry]
  3935 | D:3      | Reached XP level 6. HP: 43/47 MP: 9/9
  4362 | D:3      | Found a runed translucent door.
  4362 | D:3      | Noticed siradein's ghost (amateur DrIE)
  4488 | D:3      | Identified the +5 scimitar "Lircha" {flame, Str+4}
  4492 | D:3      | HP: 21/47 [frozen (11)]
  4791 | D:3      | HP: 19/47 [centaur/arrow (5)]
  4793 | D:3      | HP: 8/47 [centaur (6)]
  4794 | D:3      | Slain by a centaur

Illustrated notes

Levels and vault maps discovered:
D:1:      scummos_arrival_simple_crosswalls, layout_basic,
          chequers_ecumenical_altar_island
D:2:      minmay_alternating_diamond, layout_basic, serial_aquarium,
          aquarium_bridge_island_small [aquarium_subvault_small_water,
          aquarium_subvault_window, aquarium_subvault_bridge,
          aquarium_subvault_wall, aquarium_subvault_balcony],
          aquarium_window_fake, aquarium_window_1, aquarium_window_1,
          aquarium_window_1, aquarium_view_2e, aquarium_pool_corner,
          uniq_terence, uniq_natasha
D:3:      layout_basic, nicolae_vehumet_radiance, ebering_ghost_inner_flame,
          gup_sewer_entry_bubbles, serial_shops, nicolae_diamond_shop

Skill      XL: |  1  2  3  4  5 |
---------------+----------------+-----
Long Blades    | 2 3 4 |  4.4
Invocations    | 1 2 3 4 |  4.9
Shields        | 3 |  3.1
Fighting       | |  3.0
Armour         | |  2.6

Action                   |  1- 3 |  4- 6 || total
-------------------------+-------+-------++-------
Melee: Long sword        |   117 |   170 ||   287
Evoke: Wand              |       |     3 ||     3
Armor: Scale mail        |    50 |    61 ||   111
Dodge: Dodged            |    67 |    66 ||   133
Block: Buckler           |    27 |    25 ||    52

Table legend: (Time is in decaauts)
 A = Elapsed time spent in this place.
 B = Non-inter-level travel time spent in this place.
 C = Inter-level travel time spent in this place.
 D = Time resting spent in this place.
 E = Time spent auto-exploring this place.
 F = Levels seen in this place.
 G = Mean time per level.
                   A        B        C        D        E       F      G
               +--------+--------+--------+--------+--------+-----+--------+
         Total |   4902 |   4809 |     93 |    215 |   3937 |   3 | 1634.0 |
       Dungeon |   4902 |   4809 |     93 |    215 |   3937 |   3 | 1634.0 |
               +--------+--------+--------+--------+--------+-----+--------+

Top non-repeatable levels by time:
     D:2: 2547 daAuts
     D:3: 1427 daAuts
     D:1: 928 daAuts
